 Dungeon Sprint DCSS version 0.23.2-1-ga50397a (webtiles) character file.

Game seed: 8050370227423750986

4535 wilfster70 the Fighter (level 10, -7/72 HPs)
             Began as a Gargoyle Earth Elementalist on May 23, 2019.
             Was a High Priest of Okawaru.
             Mangled by a catoblepas (15 damage)
             ... in the Dungeon (Sprint IX: "|||||||||||||||||||||||||||||").
             The game lasted 00:06:50 (2029 turns).

wilfster70 the Fighter (GrEE)                       Turns: 2029, Time: 00:06:50

Health: -7/72      AC: 31    Str: 19    XL:     10   Next: 39%
Magic:  12/25      EV:  8    Int: 18    God:    Okawaru [*****.]
Gold:   0          SH:  4    Dex: 10    Spells: 22/31 levels left

rFire    . . .     SeeInvis .   a - +3 flail (protect)
rCold    . . .     Gourm    .   t - +0 buckler
rNeg     + . .     Faith    .   p - +1 chain mail
rPois    ∞         Spirit   .   o - +2 helmet
rElec    +         Reflect  .   (no cloak)
rCorr    .         Harm     .   (no gloves)
MR       .....     NoTele   +   (no boots)
Stlth    ..........             (no amulet)
HPRegen  0.22/turn              q - +3 ring of strength
MPRegen  0.19/turn              r - +3 ring of strength

@: protection aura, very slightly contaminated
A: negative energy resistance 1, electricity resistance, unbreathing,
petrification resistance, rot immunity, AC +7
a: Heroism, Finesse, Renounce Religion


You were in the Dungeon.
You worshipped Okawaru.
Okawaru was extremely pleased with you.
You were not hungry.

You visited 1 branch

Inventory:

Hand Weapons
 a - a +3 flail of protection (weapon)
Missiles
 b - 12 stones (quivered)
Armour
 o - a +2 helmet (worn)
 p - a +1 chain mail (worn)
 t - a +0 buckler (worn)
Magical Staves
 n - an uncursed staff of energy
Jewellery
 q - a +3 ring of strength (left hand)
 r - a +3 ring of strength (right hand)
Wands
 m - a wand of acid (10)
Scrolls
 j - 2 scrolls of blinking
 k - 3 scrolls of remove curse
 l - 2 scrolls of amnesia
 u - 2 scrolls of fog
 v - a scroll of fear
Potions
 c - a potion of resistance
 e - 7 potions of curing
 f - 3 potions of heal wounds
 g - a potion of haste
 h - 4 potions of magic
 i - a potion of invisibility
 s - a potion of agility
Comestibles
 d - a ration


   Skills:
 + Level 12.7 Fighting
 - Level 5.1 Staves
 + Level 12.7 Armour
 - Level 1.5 Dodging
 - Level 2.1 Stealth
 - Level 4.1 Shields
 + Level 11.1 Spellcasting
 + Level 1.8 Conjurations
   Level 0.7 Transmutations
 + Level 10.3 Earth Magic
 - Level 7.7 Invocations


You had 22 spell levels left.
You knew the following spells:

 Your Spells              Type           Power        Failure   Level  Hunger
a - Sandblast             Erth           #####.       1%          1    None
b - Stone Arrow           Conj/Erth      ####..       12%         3    None
c - Lee's Rapid Deconstr  Erth           #####.....   19%         5    ####...

Your spell library contained the following spells:

 Spells                   Type           Power        Failure   Level  Hunger
 Passwall                 Tmut/Erth      ####....     8%          2    None
 Petrify                  Tmut/Erth      ####....     43%         4    ##.....


Dungeon Overview and Level Annotations

Branches:
Dungeon (1/1)

Altars:
Cheibriados
Dithmenos
Elyvilon
Fedhas
Gozag
Hepliaklqana
Kikubaaqudgha
Makhleb
Nemelex Xobeh
Okawaru
Qazlal
Ru
Sif Muna
Trog
Uskayaw
Vehumet
Wu Jian
Xom
Yredelemnul
Zin
The Shining One
Beogh
Jiyva
Lugonu


Innate Abilities, Weirdness & Mutations

You are resistant to torment.
Your stone body is resilient. (AC +7)
You are immune to poison.
You resist negative energy. (rN+)
You are resistant to electric shocks. (rElec)
You can survive without breathing.
You are immune to petrification.
You are immune to rotting.


Message History

Casting: Stone Arrow (safe; 12% risk of failure)
Confirm with . or Enter, or press ? or * to list all spells.
Aiming: Sandblast (safe; 1% risk of failure)
Press: ? - help, Shift-Dir - straight line, f/p - catoblepas
Aim: a catoblepas (heavily wounded)
The blast of sand hits the catoblepas!
The catoblepas is severely wounded.
b - 13 stones The catoblepas gores you!
* * * LOW HITPOINT WARNING * * *
Casting: Sandblast (safe; 1% risk of failure)
Confirm with . or Enter, or press ? or * to list all spells.
Aiming: Sandblast (safe; 1% risk of failure)
Press: ? - help, Shift-Dir - straight line, f/p - catoblepas
Aim: a catoblepas (severely wounded)
The blast of sand hits the catoblepas but does no damage.
The catoblepas is severely wounded.
b - 12 stones The catoblepas gores you!
You die...

▓▓▓▓▓▓▓▓▓▓▓▓▓▓▓▓▓▓▓▓▓▓▓▓
YYYYYYY@........'.......
▓▓▓▓▓▓▓▓▓▓▓▓▓▓▓▓▓▓▓▓▓▓▓▓▓▓▓▓▓▓▓▓▓
...............................()
▓▓▓▓▓▓▓▓▓▓▓▓▓▓▓▓▓▓▓▓▓▓▓▓▓▓▓▓▓▓▓▓▓
)....)...[.[...'_________________
▓▓▓▓▓▓▓▓▓▓▓▓▓▓▓▓▓▓▓▓▓▓▓▓▓▓▓▓▓▓▓▓▓


You could see 4 death yaks, 2 catoblepae and a yak.

Vanquished Creatures
  Erolcha (D)
  A lindwurm (D)
  A deep elf mage (D)
  A black mamba (D)
  A gargoyle (D)
  A komodo dragon (D)
  2 wyverns (D)
  A yak (D)
  A water moccasin (D)
  5 porcupines (D)
  A sky beast (D)
  An ogre (D)
  A phantom (D)
  3 crocodiles (D)
  8 bullfrogs (D)
  An iguana (D)
  A worker ant (D)
  A leopard gecko (D)
  An orc (D)
  A giant cockroach (D)
  2 goblins (D)
  A kobold (D)
  A ball python zombie (D)
  2 frilled lizards (D)
40 creatures vanquished.

Vanquished Creatures (others)
  A sky beast (D)
1 creature vanquished.

Grand Total: 41 creatures vanquished

Notes
Turn   | Place    | Note
-------+----------+-------------------------------------------
     0 | D        | wilfster70 the Gargoyle Earth Elementalist began the quest
                  | for the Orb.
     0 | D        | Reached XP level 1. HP: 10/10 MP: 3/3
    11 | D        | Reached skill level 1 in Fighting
    11 | D        | Reached skill level 1 in Armour
   179 | D        | Noticed a phantom
   179 | D        | Noticed an ogre
   179 | D        | Noticed a worker ant
   187 | D        | Killed a worker ant
   187 | D        | Reached skill level 5 in Earth Magic
   187 | D        | Reached XP level 2. HP: 17/18 MP: 6/6
   187 | D        | Reached XP level 3. HP: 21/22 MP: 7/7
   191 | D        | Killed an ogre
   191 | D        | Reached XP level 4. HP: 28/30 MP: 7/10
   205 | D        | Killed a phantom
   205 | D        | Reached skill level 5 in Spellcasting
   205 | D        | Reached XP level 5. HP: 14/36 MP: 4/13
   382 | D        | Found a roughly hewn altar of Beogh.
   382 | D        | Found a snail-covered altar of Cheibriados.
   382 | D        | Found a shadowy altar of Dithmenos.
   382 | D        | Found a white marble altar of Elyvilon.
   382 | D        | Found a blossoming altar of Fedhas.
   382 | D        | Found an opulent altar of Gozag.
   383 | D        | Found a hazy altar of Hepliaklqana.
   384 | D        | Found a viscous altar of Jiyva.
   385 | D        | Found an ancient bone altar of Kikubaaqudgha.
   386 | D        | Found a corrupted altar of Lugonu.
   387 | D        | Found a burning altar of Makhleb.
   388 | D        | Found a sparkling altar of Nemelex Xobeh.
   389 | D        | Found an iron altar of Okawaru.
   390 | D        | Found a stormy altar of Qazlal.
   391 | D        | Found a sacrificial altar of Ru.
   392 | D        | Found a deep blue altar of Sif Muna.
   393 | D        | Found a bloodstained altar of Trog.
   394 | D        | Found a hide-covered altar of Uskayaw.
   395 | D        | Found a radiant altar of Vehumet.
   396 | D        | Found an ornate altar of the Wu Jian Council.
   397 | D        | Became a worshipper of Warmaster Okawaru
   398 | D        | Found a shimmering altar of Xom.
   399 | D        | Found a basalt altar of Yredelemnul.
   400 | D        | Found a glowing silver altar of Zin.
   401 | D        | Found a glowing golden altar of the Shining One.
   412 | D        | Learned a level 3 spell: Stone Arrow
   418 | D        | Learned a level 5 spell: Lee's Rapid Deconstruction
   481 | D        | Noticed a gargoyle
   481 | D        | Noticed a sky beast
   488 | D        | Killed a sky beast
   488 | D        | Reached XP level 6. HP: 41/42 MP: 15/15
   524 | D        | Killed a gargoyle
   524 | D        | Reached * piety under Okawaru
   524 | D        | Reached XP level 7. HP: 33/49 MP: 15/17
   527 | D        | Reached ** piety under Okawaru
   527 | D        | Reached skill level 5 in Staves
   527 | D        | Reached skill level 10 in Earth Magic
   639 | D        | Noticed a deep elf mage
   639 | D        | Noticed a yak
   639 | D        | Noticed a wyvern
   660 | D        | Killed a wyvern
   660 | D        | Reached XP level 8. HP: 14/56 MP: 18/20
   667 | D        | Killed a yak
   688 | D        | Killed a deep elf mage
   688 | D        | Reached *** piety under Okawaru
   688 | D        | Reached skill level 10 in Fighting
   688 | D        | Reached skill level 10 in Armour
   975 | D        | Noticed Erolcha
   984 | D        | Killed Erolcha
   984 | D        | Received a gift from Okawaru
   984 | D        | Reached **** piety under Okawaru
   984 | D        | Reached XP level 9. HP: 25/64 MP: 17/22
  1254 | D        | Reached skill level 1 in Shields
  1254 | D        | Reached skill level 10 in Spellcasting
  1277 | D        | Reached skill level 5 in Invocations
  1287 | D        | Reached ***** piety under Okawaru
  1432 | D        | Noticed a komodo dragon
  1432 | D        | Noticed a lindwurm
  1443 | D        | Killed a lindwurm
  1443 | D        | Reached XP level 10. HP: 67/71 MP: 13/24
  1699 | D        | Noticed a black mamba
  1734 | D        | Killed a black mamba
  1734 | D        | Reached skill level 1 in Conjurations
  2011 | D        | Noticed a death yak
  2011 | D        | Noticed a death yak
  2011 | D        | Noticed a catoblepas
  2011 | D        | Noticed a death yak
  2011 | D        | Noticed a catoblepas
  2015 | D        | Noticed a death yak
  2029 | D        | Mangled by a catoblepas

Skill      XL: |  1  2  3  4  5  6  7  8  9 10 |
---------------+-------------------------------+-----
Fighting       | 2 4 6 8 9 11 12 | 12.7
Armour         | 2 4 6 8 9 11 12 | 12.7
Earth Magic    | 5 6 7 8 9 10 | 10.3
Spellcasting   | 3 4 5 6 7 8 9 10 11 | 11.1
Staves         | 2 4 5 |  5.1
Invocations    | 4 6 7 |  7.7
Shields        | 4 |  4.1
Conjurations   | 1 |  1.8
Dodging        | |  1.5
Stealth        | |  2.1
Transmutations | |  0.7

Action                   |  1- 3 |  4- 6 |  7- 9 | 10-12 || total
-------------------------+-------+-------+-------+-------++-------
Melee: Unarmed           |    13 |       |       |       ||    13
       Club              |    11 |     7 |       |       ||    18
       Quarterstaff      |       |    41 |     7 |       ||    48
       Flail             |       |       |    91 |    79 ||   170
 Cast: Sandblast         |     2 |     6 |    25 |     9 ||    42
       Stone Arrow       |       |       |       |     4 ||     4
Invok: Heroism           |       |       |     1 |       ||     1
  Use: Potion            |     1 |     1 |     1 |       ||     3
       Scroll            |       |       |     4 |       ||     4
 Stab: Sleeping          |     1 |       |       |       ||     1
  Eat: Chunk             |       |       |     2 |     2 ||     4
Armor: Robe              |     3 |     6 |       |       ||     9
       Chain mail        |       |    19 |   113 |    74 ||   206
Dodge: Dodged            |     9 |    14 |    33 |    20 ||    76
Block: Buckler           |       |       |    10 |    26 ||    36
